PAA
CHESAPEAKE CONTINENTALS @ MERCER ISLAND SCREAMING EAGLES
08/11/2025
 
TOP OF THE 1ST
Chesapeake Continentals batting - Pitching for Mercer Island Screaming Eagles : RHP Fernando Reyna
Pitching: RHP Fernando Reyna
Batting: RHB Lee Lockheart 0-0: Ball
1-0: Ground out 6-3 (Groundball, 6)
Batting: RHB Vincent Vega 0-0: Fly out, F1 (Line Drive, 13)
Batting: SHB Thomas Sherman 0-0: Ball
1-0: Foul Ball, location: 2F
1-1: SINGLE (Groundball, 34D)
Batting: SHB Ludovic Michel 0-0: Called Strike
0-1: Hit by Pitch
Thomas Sherman to second
Batting: SHB Dominique Prost 0-0: Ball
1-0: Ball
2-0: Called Strike
2-1: Swinging Strike
2-2: Strikes out swinging
Top of the 1st over - 0 run(s), 1 hit(s), 0 error(s), 2 left on base; Chesapeake 0 - Mercer Island 0
BOTTOM OF THE 1ST
Mercer Island Screaming Eagles batting - Pitching for Chesapeake Continentals : RHP Eduardo García
Pitching: RHP Eduardo García
Batting: LHB Nelson Plasenia 0-0: Fly out, F7 (Flyball, 7S)
Batting: RHB Alfredo García 0-0: Foul Ball, location: 2F
0-1: Ball
1-1: Ground out 1-3 (Groundball, P)
Batting: LHB Miguel Pacheco 0-0: Ball
1-0: Ball
2-0: Ball
3-0: Base on Balls
Batting: RHB Luis Jiménez 0-0: Called Strike
0-1: Foul Ball, location: 2F
0-2: Ball
1-2: Ball
2-2: Ball
3-2: Foul Ball, location: 2F
3-2: SINGLE (Line Drive, 56)
Miguel Pacheco to second
Miguel Pacheco to third
Batting: SHB Jorge Velázquez 0-0: Called Strike
0-1: Fly out, F7 (Flyball, 7S)
Bottom of the 1st over - 0 run(s), 1 hit(s), 0 error(s), 2 left on base; Chesapeake 0 - Mercer Island 0
TOP OF THE 2ND
Chesapeake Continentals batting - Pitching for Mercer Island Screaming Eagles : RHP Fernando Reyna
Batting: RHB Jorge Rodríguez 0-0: Ball
1-0: Called Strike
1-1: Ball
2-1: Foul Ball, location: 2F
2-2: Ball
3-2: Ground out 5-3 (Groundball, 5S)
Batting: RHB Júlio Rodríguez 0-0: Ground out 6-3 (Groundball, 6)
Batting: LHB Gerald Kaufman 0-0: Ball
1-0: Ball
2-0: Ball
3-0: Base on Balls
Batting: RHB Rudko Hrnjak 0-0: Called Strike
Gerald Kaufman steals 2nd base
0-1: Fly out, F9 (Flyball, 89S)
Top of the 2nd over - 0 run(s), 0 hit(s), 0 error(s), 1 left on base; Chesapeake 0 - Mercer Island 0
BOTTOM OF THE 2ND
Mercer Island Screaming Eagles batting - Pitching for Chesapeake Continentals : RHP Eduardo García
Batting: RHB Leonardo Ramírez 0-0: SINGLE (Groundball, 34D)
Batting: LHB Steve Grimes 0-0: Ball
1-0: Called Strike
1-1: Called Strike
1-2: Ball
2-2: Foul Ball, location: 2F
2-2: Ball
3-2: SINGLE (Groundball, 4) (infield hit)
Leonardo Ramírez to second
Batting: RHB Wade Killefer 0-0: Called Strike
0-1: Ball
1-1: Foul Ball, location: 2F
1-2: Foul Ball, location: 2F
1-2: Foul Ball, location: 2F
1-2: DOUBLE (Line Drive, 7)
Leonardo Ramírez scores
Steve Grimes to third
Batting: RHB Ron Gérard 0-0: SINGLE (Groundball, 25) (infield hit)
Steve Grimes scores
Wade Killefer to third
Batting: LHB Nelson Plasenia 0-0: Fly out, F9 (Flyball, 89XD)
Runner from 3rd tags up, SCORES, no throw
Batting: RHB Alfredo García 0-0: Ball
1-0: Called Strike
1-1: Swinging Strike
1-2: Ball
2-2: Strikes out looking
Batting: LHB Miguel Pacheco 0-0: Ball
1-0: Fly out, F9 (Flyball, 9)
Bottom of the 2nd over - 3 run(s), 4 hit(s), 0 error(s), 1 left on base; Chesapeake 0 - Mercer Island 3
TOP OF THE 3RD
Chesapeake Continentals batting - Pitching for Mercer Island Screaming Eagles : RHP Fernando Reyna
Batting: RHB Lee Lockheart 0-0: Ground out 6-3 (Groundball, 6)
Batting: RHB Vincent Vega 0-0: Ball
1-0: Ground out 4-3 (Groundball, 4)
Batting: SHB Thomas Sherman 0-0: Swinging Strike
0-1: Foul Ball, location: 2F
0-2: Foul Ball, location: 2F
0-2: Ball
1-2: SINGLE (Flyball, 8LS)
Batting: SHB Ludovic Michel 0-0: Ball
1-0: Called Strike
1-1: Swinging Strike
1-2: Foul Ball, location: 2F
1-2: 2-RUN HOME RUN (Flyball, 89XD), Distance : 428 ft
Batting: SHB Dominique Prost 0-0: Called Strike
0-1: Called Strike
0-2: Foul Ball, location: 2F
0-2: Ground out U3 (Groundball, 34)
Top of the 3rd over - 2 run(s), 2 hit(s), 0 error(s), 0 left on base; Chesapeake 2 - Mercer Island 3
BOTTOM OF THE 3RD
Mercer Island Screaming Eagles batting - Pitching for Chesapeake Continentals : RHP Eduardo García
Batting: RHB Luis Jiménez 0-0: Called Strike
0-1: Single, Error in OF, E7, batter to second base
Batting: SHB Jorge Velázquez 0-0: Called Strike
0-1: Reached on error, E3 (Groundball, 34)
Luis Jiménez to third
Batting: RHB Leonardo Ramírez 0-0: Called Strike
0-1: Foul Ball, location: 2F
0-2: Ball
1-2: Foul Ball, location: 2F
1-2: Strikes out swinging
Batting: LHB Steve Grimes 0-0: Foul Ball, location: 2F
0-1: Ball
1-1: Ball
2-1: Fly out, F9 (Flyball, 9LS)
Runner from 3rd tags up, SCORES, no throw
Batting: RHB Wade Killefer 0-0: Fly out, F4 (Popup, 34)
Bottom of the 3rd over - 1 run(s), 1 hit(s), 2 error(s), 1 left on base; Chesapeake 2 - Mercer Island 4
TOP OF THE 4TH
Chesapeake Continentals batting - Pitching for Mercer Island Screaming Eagles : RHP Fernando Reyna
Batting: RHB Jorge Rodríguez 0-0: Ball
1-0: Called Strike
1-1: Ball
2-1: Swinging Strike
2-2: Foul Ball, location: 2F
2-2: SINGLE (Groundball, 6MD)
Batting: RHB Júlio Rodríguez 0-0: Called Strike
0-1: Ball
1-1: Ball
2-1: Foul Ball, location: 2F
2-2: Ball
3-2: Fly out, F8 (Flyball, 8RM)
Batting: LHB Gerald Kaufman 0-0: Ball
Wild Pitch!
Jorge Rodríguez to second
1-0: Foul Ball, location: 2F
1-1: Foul Ball, location: 2F
1-2: Strikes out swinging
Batting: RHB Rudko Hrnjak 0-0: Swinging Strike
0-1: Ball
1-1: Swinging Strike
1-2: Strikes out looking
Top of the 4th over - 0 run(s), 1 hit(s), 0 error(s), 1 left on base; Chesapeake 2 - Mercer Island 4
BOTTOM OF THE 4TH
Mercer Island Screaming Eagles batting - Pitching for Chesapeake Continentals : RHP Eduardo García
Batting: RHB Ron Gérard 0-0: Called Strike
0-1: Ball
1-1: Ground out 6-3 (Groundball, 6)
Batting: LHB Nelson Plasenia 0-0: Ball
1-0: Called Strike
1-1: Swinging Strike
1-2: Fly out, F8 (Flyball, 8LM)
Batting: RHB Alfredo García 0-0: SINGLE (Flyball, 8LS)
Batting: LHB Miguel Pacheco 0-0: Ball
1-0: Called Strike
1-1: Ball
2-1: Foul Ball, location: 2F
2-2: Foul Ball, location: 2F
2-2: Foul Ball, location: 2F
2-2: SINGLE (Line Drive, 5D)
Alfredo García to second
Batting: RHB Luis Jiménez 0-0: Ball
1-0: Swinging Strike
1-1: Swinging Strike
1-2: Foul Ball, location: 2F
1-2: Fielders Choice at 2nd, 5-4 (Groundball, 56)
Bottom of the 4th over - 0 run(s), 2 hit(s), 0 error(s), 1 left on base; Chesapeake 2 - Mercer Island 4
TOP OF THE 5TH
Chesapeake Continentals batting - Pitching for Mercer Island Screaming Eagles : RHP Fernando Reyna
Batting: RHB Lee Lockheart 0-0: Called Strike
0-1: Foul Ball, location: 2F
0-2: Strikes out swinging
Batting: RHB Vincent Vega 0-0: Ball
1-0: Foul Ball, location: 2F
1-1: SINGLE (Flyball, 8RS)
Batting: SHB Thomas Sherman 0-0: Ball
1-0: Ball
2-0: Ball
3-0: Called Strike
3-1: Fly out, F7 (Flyball, 78D)
Batting: SHB Ludovic Michel 0-0: Called Strike
Vincent Vega is caught stealing 2nd base
Top of the 5th over - 0 run(s), 1 hit(s), 0 error(s), 0 left on base; Chesapeake 2 - Mercer Island 4
BOTTOM OF THE 5TH
Mercer Island Screaming Eagles batting - Pitching for Chesapeake Continentals : RHP Eduardo García
Batting: SHB Jorge Velázquez 0-0: Fly out, F7 (Flyball, 7LM)
Batting: RHB Leonardo Ramírez 0-0: Called Strike
0-1: Ball
1-1: SINGLE (Flyball, 9S)
Batting: LHB Steve Grimes 0-0: Foul Ball, location: 2F
0-1: Ball
1-1: Ball
2-1: Ball
3-1: Base on Balls
Leonardo Ramírez to second
Batting: RHB Wade Killefer 0-0: Foul Ball, location: 2F
0-1: Fly out, F9 (Line Drive, 9)
Batting: RHB Ron Gérard 0-0: Fly out, F9 (Flyball, 9)
Bottom of the 5th over - 0 run(s), 1 hit(s), 0 error(s), 2 left on base; Chesapeake 2 - Mercer Island 4
TOP OF THE 6TH
Chesapeake Continentals batting - Pitching for Mercer Island Screaming Eagles : RHP Fernando Reyna
Batting: SHB Ludovic Michel 0-0: Foul Ball, location: 2F
0-1: Ball
1-1: Ball
2-1: Ball
3-1: Foul Ball, location: 2F
3-2: Ground out 6-3 (Groundball, 6)
Batting: SHB Dominique Prost 0-0: Ball
1-0: Foul Ball, location: 2F
1-1: Foul Ball, location: 2F
1-2: Ball
2-2: Ball
3-2: SINGLE (Groundball, 34D)
Batting: RHB Jorge Rodríguez 0-0: Called Strike
0-1: Ball
1-1: Ball
Pickoff Throw to First - Out!
2-1: Foul Ball, location: 2F
2-2: Ground out 5-3 (Groundball, 56)
Top of the 6th over - 0 run(s), 1 hit(s), 0 error(s), 0 left on base; Chesapeake 2 - Mercer Island 4
BOTTOM OF THE 6TH
Mercer Island Screaming Eagles batting - Pitching for Chesapeake Continentals : RHP Eduardo García
Batting: LHB Nelson Plasenia 0-0: Ball
1-0: Foul Ball, location: 2F
1-1: Swinging Strike
1-2: Ball
2-2: Strikes out swinging
Batting: RHB Alfredo García 0-0: Called Strike
0-1: SINGLE (Groundball, 6M) (infield hit)
Batting: LHB Miguel Pacheco 0-0: Ball
1-0: Called Strike
1-1: Foul Ball, location: 2F
1-2: Ball
2-2: Ball
3-2: Foul Ball, location: 2F
3-2: Fielders Choice at 2nd, 3-6 (Groundball, 34)
Pitching: LHP Carlos Medina
Batting: RHB Luis Jiménez 0-0: Swinging Strike
0-1: Ball
1-1: Ball
2-1: Ball
3-1: Foul Ball, location: 2F
3-2: Foul Ball, location: 2F
3-2: Strikes out swinging
Bottom of the 6th over - 0 run(s), 1 hit(s), 0 error(s), 1 left on base; Chesapeake 2 - Mercer Island 4
TOP OF THE 7TH
Chesapeake Continentals batting - Pitching for Mercer Island Screaming Eagles : RHP Fernando Reyna
Batting: RHB Júlio Rodríguez 0-0: Ball
1-0: Ball
2-0: Ball
3-0: Base on Balls
Batting: LHB Gerald Kaufman 0-0: Bunted foul
0-1: Sac Bunt - play at first, batter OUT! 2-4
Júlio Rodríguez to second
Batting: RHB Rudko Hrnjak 0-0: Ball
1-0: Ground out 5-3 (Groundball, 5)
Batting: RHB Lee Lockheart 0-0: Ball
1-0: Called Strike
1-1: Ball
2-1: Foul Ball, location: 2F
2-2: SINGLE (Flyball, 8RS)
Júlio Rodríguez to third
Runner from 3rd tries for Home, SAFE, no throw
Pitching: LHP Bastião Shwerin
Pinch Hitting: RHB Mike Peterson 0-0: Swinging Strike
0-1: Swinging Strike
0-2: Ball
1-2: Ball
2-2: Strikes out swinging
Top of the 7th over - 1 run(s), 1 hit(s), 0 error(s), 1 left on base; Chesapeake 3 - Mercer Island 4
BOTTOM OF THE 7TH
Mercer Island Screaming Eagles batting - Pitching for Chesapeake Continentals : LHP Carlos Medina
Now at 2B: Mike Peterson
Batting: SHB Jorge Velázquez 0-0: Called Strike
0-1: Ball
1-1: Called Strike
1-2: Strikes out looking
Batting: RHB Leonardo Ramírez 0-0: Called Strike
0-1: Foul Ball, location: 2F
0-2: Ball
1-2: Ball
2-2: Ball
3-2: Foul Ball, location: 2F
3-2: Base on Balls
Pinch Hitting: RHB Luis Antonio Hernández 0-0: Ball
1-0: Ball
2-0: Ball
3-0: Called Strike
3-1: SINGLE (Line Drive, 56D)
Leonardo Ramírez to second
Batting: RHB Wade Killefer 0-0: Ball
1-0: Called Strike
1-1: Called Strike
1-2: 3-RUN HOME RUN (Flyball, 89XD), Distance : 419 ft
Pitching: RHP Dae-il Kim
Batting: RHB Ron Gérard 0-0: Ground out 6-3 (Groundball, 56D)
Batting: LHB Nelson Plasenia 0-0: Ball
1-0: Fly out, F6 (Popup, 56D)
Bottom of the 7th over - 3 run(s), 2 hit(s), 0 error(s), 0 left on base; Chesapeake 3 - Mercer Island 7
TOP OF THE 8TH
Chesapeake Continentals batting - Pitching for Mercer Island Screaming Eagles : LHP Bastião Shwerin
Now in RF: Luis Antonio Hernández
Batting: SHB Thomas Sherman 0-0: Called Strike
0-1: Foul Ball, location: 2F
0-2: Foul Ball, location: 2F
0-2: Strikes out swinging
Batting: SHB Ludovic Michel 0-0: Ball
1-0: Ball
2-0: Swinging Strike
2-1: Ball
3-1: Foul Ball, location: 2F
3-2: Foul Ball, location: 2F
3-2: Foul Ball, location: 2F
3-2: Fly out, F6 (Popup, 5D)
Batting: SHB Dominique Prost 0-0: Ball
1-0: Foul Ball, location: 2F
1-1: Foul Ball, location: 2F
1-2: Foul Ball, location: 2F
1-2: Ball
2-2: Ball
3-2: Fly out, F6 (Popup, 6MD)
Top of the 8th over - 0 run(s), 0 hit(s), 0 error(s), 0 left on base; Chesapeake 3 - Mercer Island 7
BOTTOM OF THE 8TH
Mercer Island Screaming Eagles batting - Pitching for Chesapeake Continentals : RHP Dae-il Kim
Batting: RHB Alfredo García 0-0: Ball
1-0: Foul Ball, location: 2F
1-1: Swinging Strike
1-2: SINGLE (Groundball, 56S) (infield hit)
Batting: LHB Miguel Pacheco 0-0: Ball
1-0: Ball
2-0: Foul Ball, location: 2F
2-1: Ball
3-1: Fly out, F4 (Popup, 4MD)
Batting: RHB Luis Jiménez 0-0: Ball
1-0: Fielders Choice at 2nd, 6-4 (Groundball, 6)
Batting: SHB Jorge Velázquez 0-0: Called Strike
0-1: Fly out, F7 (Flyball, 78M)
Bottom of the 8th over - 0 run(s), 1 hit(s), 0 error(s), 1 left on base; Chesapeake 3 - Mercer Island 7
TOP OF THE 9TH
Chesapeake Continentals batting - Pitching for Mercer Island Screaming Eagles : LHP Bastião Shwerin
Batting: RHB Jorge Rodríguez 0-0: Ball
1-0: Ball
2-0: Ball
3-0: Base on Balls
Batting: RHB Júlio Rodríguez 0-0: Reached on error, E5 (Groundball, 56S)
Jorge Rodríguez to third
Pitching: LHP Luis Ochoa
Batting: LHB Gerald Kaufman 0-0: Ball
1-0: Ball
2-0: Foul Ball, location: 2F
2-1: Ball
3-1: Foul Ball, location: 2F
3-2: Foul Ball, location: 2F
3-2: Foul Ball, location: 2F
3-2: SINGLE (Flyball, 7LS)
Jorge Rodríguez scores
Júlio Rodríguez to third
Batting: RHB Rudko Hrnjak 0-0: Ball
1-0: Called Strike
1-1: Ball
2-1: Called Strike
2-2: SINGLE (Line Drive, 7S)
Júlio Rodríguez scores
Gerald Kaufman to second
Pinch Hitting: RHB Gil Nichols 0-0: Ball
1-0: Ball
2-0: Sac Bunt - play at first, batter OUT! 1-4
Gerald Kaufman to third
Rudko Hrnjak to second
Batting: RHB Mike Peterson 0-0: Ball
1-0: Foul Ball, location: 2F
1-1: SINGLE (Groundball, 4MD)
Gerald Kaufman scores
Rudko Hrnjak to third
Batting: SHB Thomas Sherman 0-0: Called Strike
0-1: Fly out, F8 (Flyball, 8LS)
Runner from 3rd tags up, SCORES, no throw
Pinch Hitting: RHB Eduardo Torres 0-0: Ball
1-0: Ball
2-0: Foul Ball, location: 2F
2-1: Called Strike
2-2: Fly out, F4 (Popup, 4M)
Top of the 9th over - 4 run(s), 3 hit(s), 1 error(s), 1 left on base; Chesapeake 7 - Mercer Island 7
BOTTOM OF THE 9TH
Mercer Island Screaming Eagles batting - Pitching for Chesapeake Continentals : RHP Dae-il Kim
Now at 2B: Gil Nichols
Now at 3B: Vince Barrowcliff
Batting: RHB Leonardo Ramírez 0-0: Ball
1-0: SINGLE (Groundball, 6MD)
Pinch Runner at 1st León Domínguez:
Batting: RHB Luis Antonio Hernández 0-0: Bunted foul
0-1: Ball
1-1: Sac Bunt - play at first, batter OUT! 5-4
León Domínguez to second
Pinch Hitting: LHB Tony Reynolds 0-0: Intentional Walk
Pinch Hitting: RHB Vincente Flores 0-0: Called Strike
0-1: Swinging Strike
0-2: Foul Ball, location: 2F
0-2: Ball
1-2: Ball
2-2: Foul Ball, location: 2F
2-2: Strikes out swinging
Batting: LHB Nelson Plasenia 0-0: Ball
1-0: Ball
2-0: Called Strike
2-1: SINGLE (Line Drive, 6D)
León Domínguez to third
Tony Reynolds to second
Runner from 3rd tries for Home, SAFE, throw made at trailing runner, SAFE at third!
Friday, December 30th, 2016 - OOTP Baseball 17.12 Build 75